 Dungeon Crawl Stone Soup version 0.21.1-1-g345015f (webtiles) character file.

16 Goblin1989 the Insei (level 2, 0/21 HPs)
             Began as a Demonspawn Transmuter on Mar 7, 2018.
             Slain by an ogre
             ... wielding a +0 giant spiked club
              (21 damage)
             ... on level 2 of the Dungeon.
             The game lasted 00:02:54 (760 turns).

Goblin1989 the Insei (Demonspawn Transmuter)         Turns: 760, Time: 00:02:55

Health: 0/21       AC:  4    Str: 10    XL:     2   Next: 37%
Magic:  0/5        EV: 12    Int: 14    God:
Gold:   41         SH:  0    Dex: 13    Spells: 2/5 levels left

rFire    . . .     SeeInvis .     - Unarmed
rCold    . . .     Gourm    .   (no shield)
rNeg     . . .     Faith    .   b - +0 robe
rPois    +         Spirit   .   (no helmet)
rElec    .         Reflect  .   (no cloak)
rCorr    .         Harm     .   (no gloves)
MR       .....                  (no boots)
Stlth    +.........             (no amulet)
HPRegen  0.07/turn              (no ring)
MPRegen  0.09/turn              o - ring of poison resistance

@: appendage
A: horns 2, thin metallic scales 1
a: End Transformation


You were on level 2 of the Dungeon.
You were not hungry.
You had grown temporary horns.
You visited 1 branch of the dungeon, and saw 2 of its levels.

You collected 41 gold pieces.

Inventory:

Hand Weapons
 g - a +0 dagger of speed
Missiles
 a - 32 arrows
 k - 10 poisoned needles
 q - 11 bolts
 r - 25 stones (quivered) {@Q3}
Armour
 b - a +0 robe (worn)
 f - a +0 ring mail
 p - a +0 chain mail
Jewellery
 l - an uncursed ring of fire
 o - a ring of poison resistance (right hand)
Wands
 x - a wand of random effects (21)
Scrolls
 i - 2 scrolls of enchant weapon {unknown}
 m - 2 scrolls of noise {unknown}
 s - a scroll of magic mapping {unknown}
 t - a scroll of enchant armour {unknown}
 v - a scroll of identify {unknown}
 w - a scroll of remove curse {unknown}
 y - a scroll of random uselessness {unknown}
Potions
 j - a potion of degeneration {unknown}
 n - a potion of agility {unknown}
 u - a potion of mutation {unknown}
Books
 c - a book of Changes

   Spells                             Type                      Level
   a - Beastly Appendage              Transmutation                1
   b - Sticks to Snakes               Transmutation                2
   c - Spider Form                    Transmutation/Poison         3
   d - Ice Form                       Ice/Transmutation            4
   e - Blade Hands                    Transmutation                5
Comestibles
 e - a ration
 h - 5 chunks of flesh


   Skills:
 - Level 1.0 Fighting
 - Level 1.7 Dodging
 + Level 3.4 Unarmed Combat
 - Level 2.0 Spellcasting
 - Level 1.7 Transmutations


You had 2 spell levels left.
You knew the following spells:

 Your Spells              Type           Power        Failure   Level  Hunger
a - Beastly Appendage     Tmut           #.....       12%         1    ##.....
b - Sticks to Snakes      Tmut           #.......     17%         2    ###....


Dungeon Overview and Level Annotations

Branches:
Dungeon (2/15)

Altars:


Innate Abilities, Weirdness & Mutations

You are partially covered in thin metallic scales. (AC +2)
You have a pair of horns on your head.


Message History

No target in view!
No target in view!
No target in view!
No target in view!
You see here a wand of random effects (21).
x - a wand of random effects (21)
You butcher the giant cockroach corpse.
h - a chunk of flesh A hobgoblin comes into view.
It is wielding a club.
The hobgoblin shouts!
A hobgoblin is nearby!
You hit the hobgoblin.
The hobgoblin is almost dead.
The hobgoblin hits you but does no damage.
You hit the hobgoblin.
You kill the hobgoblin!
No target in view!
No target in view!
No target in view!
No target in view!
No target in view!
No target in view!
No target in view!
No target in view!
No target in view!
No target in view!
No target in view!
No target in view!
No target in view!
No target in view!
No target in view!
No target in view!
No target in view!
You butcher the hobgoblin corpse.
h - 5 chunks of flesh (gained 4)
You see here a club. x2
y - a scroll labeled WYMECUCZUO
m - 2 scrolls labeled POJAOM LACI (gained 1)
A bat, a kobold and an ogre come into view.
The kobold shouts!
Found a stone staircase leading down.
The ogre shouts!
You barely miss the ogre. The bat closely misses you.
The kobold barely misses you. The ogre barely misses you.
Unknown command.
The bat closely misses you. The kobold misses you.
The bat hits you but does no damage. The bat hits you.
You take 1 damage, and have 20/21 hp.
Casting: Beastly Appendage
Confirm with . or Enter, or press ? or * to list all spells.
You create a snake!
You now have 34 arrows.
The bat hits you but does no damage. The bat closely misses you.
You now have 3/5 mp.
Casting: Sticks to Snakes
Confirm with . or Enter, or press ? or * to list all spells.
You create a snake!
You now have 33 arrows.
The bat barely misses you.
You now have 1/5 mp.
You swap places.
The bat hits your ball python. x2
Your ball python completely misses the bat.
Your ball python misses the bat.
The bat hits your ball python. The bat hits your ball python.
The bat closely misses your ball python.
Your ball python barely misses the bat.
Your ball python grabs the bat.
Your ball python constricts the bat.
The bat closely misses your ball python.
The bat hits your ball python.
Your ball python dies!
Your ball python bites the bat but does no damage.
Your ball python grabs the bat.
Your ball python constricts the bat.
The bat struggles to escape constriction.
The bat struggles to escape constriction. x2
Your ball python bites the bat.
Your ball python constricts the bat.
The bat dies!
Your ball python bites the ogre but does no damage.
Your ball python barely misses the ogre.
The kobold misses your ball python.
Health restored: 21 Your ball python bites the ogre.
Your ball python completely misses the ogre.
Something hits your ball python.
You see here 17 gold pieces.
You now have 41 gold pieces (gained 17).
Your ball python bites the ogre.
Casting: Sticks to Snakes
Confirm with . or Enter, or press ? or * to list all spells.
You create a snake!
You now have 32 arrows.
You now have 1/5 mp.
Casting: Sticks to Snakes
Confirm with . or Enter, or press ? or * to list all spells.
You don't have enough magic to cast that spell.
Unknown command.
Casting: Sticks to Snakes
Confirm with . or Enter, or press ? or * to list all spells.
You grow a pair of large bovine horns.
Your ball python bites the ogre.
You now have 0/5 mp.
You hit the ogre.
The ogre is moderately wounded.
The ogre hits you with a giant spiked club!!
Ouch! That really hurt!
You die...

██...██........
█8..K8█........
██...██........██
█..S██>.........
██..O██.........█
█8...8█.███████.█
████...████ █████.█
█8██...██8███8█...█
............K.SO@.█
..............S...█
......................
█8███Ψ███8███8██.█████
███ ███ ███ ████.█
█....█ ██████.█ █.█
█.█ █....█ .......█
█.█ █.█ █....█
█.████████.█ █..
█....█ █..........█
█....█


You could see an ogre, a kobold and 2 friendly ball pythons.

Vanquished Creatures
  2 leopard geckos (D:1)
  A ball python (D:1)
  2 giant cockroaches
  2 hobgoblins
  2 goblins (D:1)
  2 kobolds (D:1)
11 creatures vanquished.

Vanquished Creatures (collateral kills)
  A bat (D:2)
1 creature vanquished.

Grand Total: 12 creatures vanquished

Notes
Turn   | Place    | Note
-------+----------+-------------------------------------------
     0 | D:1      | Goblin1989 the Demonspawn Transmuter began the quest for the Orb.
     0 | D:1      | Reached XP level 1. HP: 15/15 MP: 3/3
    91 | D:1      | Reached skill level 3 in Unarmed Combat
   195 | D:1      | Gained mutation: You are partially covered in thin metallic scales. (AC +2) [demonic ancestry]
   195 | D:1      | Reached XP level 2. HP: 10/21 MP: 5/5
   620 | D:2      | Learned a level 2 spell: Sticks to Snakes
   732 | D:2      | Noticed an ogre
   760 | D:2      | Slain by an ogre

Skill      XL: |  1 |
---------------+----+-----
Unarmed Combat | 3 |  3.4
Fighting       | |  1.0
Dodging        | |  1.7
Spellcasting   | |  2.0
Transmutations | |  1.7

Action                   || total
-------------------------++-------
Melee: Unarmed           ||    43
       Punch             ||     2
 Cast: Beastly Appendage ||     2
       Sticks to Snakes  ||     3
 Stab: Sleeping          ||     1
Armor: Robe              ||    15
Dodge: Dodged            ||    46

Vault maps used:
D:1:      doesnt_arrival_eight_statues, minmay_misc_feat_x
D:2:      serial_corexii_hall, corexii_hall_statues_t, corexii_hall_statues_l,
          corexii_hall_statues_t
